 Dungeon Crawl Stone Soup version 0.30-a0-23-ge60ba3568b (webtiles) character file.

Game seed: 8968240343386841491

24317 fingers the Basher (level 12, -12/110 HPs)
             Began as a Minotaur Berserker on Aug 25, 2022.
             Was a High Priest of Trog.
             Mangled by a naga warrior
             ... wielding a +0 mace
              (28 damage)
             ... on level 1 of the Snake Pit.
             The game lasted 00:32:09 (13540 turns).

fingers the Basher (Minotaur Berserker)            Turns: 13540, Time: 00:32:10

Health: -12/110    AC: 19    Str: 39    XL:     12   Next: 79%
Magic:  11/11      EV:  8    Int:  4    God:    Trog [*****.]
Gold:   838        SH: 11    Dex: 10    Spells: 11/11 levels left

rFire   . . .      SeeInvis .    D - +10 morningstar "Eos" {elec, Halo rElec}
rCold   . . .      Faith    .    H - +0 kite shield
rNeg    . . .      Spirit   .    s - +2 plate armour
rPois   .          Reflect  .    (helmet restricted)
rElec   +          Harm     .    A - +0 cloak
rCorr   .          Rampage  .    c - +0 pair of gloves
Will    .....                    (no boots)
Stlth   ..........               Y - amulet of regeneration
HPRegen 1.08/turn                N - +6 ring of strength
MPRegen 0.12/turn                Q - +6 ring of strength

@: on berserk cooldown, slowed, glowing, constricted, studying Dodging, very
slow
A: horns 2, retaliatory headbutt
a: Renounce Religion, Berserk, Trog's Hand, Brothers in Arms


You were on level 1 of the Snake Pit.
You worshipped Trog.
Trog was extremely pleased with you.
You visited 3 branches of the dungeon, and saw 13 of its levels.
You also visited: Ossuary.

You collected 838 gold pieces.

Inventory:

Hand Weapons
 D - the +10 morningstar "Eos" (weapon) {elec, Halo rElec}
   (You acquired it in an ossuary)

   It occasionally discharges a powerful burst of electricity upon striking a
   foe.
   It grants its wielder a halo, revealing invisible creatures and increasing
   accuracy against all within it other than the wielder.
   rElec:     It insulates you from electricity.
 E - a +3 flail of protection
 J - a +4 mace
 Z - the +10 falchion of Oryquts {vorpal, rElec rF++}
   (You found it on level 2 of the Lair of Beasts)

   It inflicts extra damage upon your enemies.
   rF:        It greatly protects you from fire.
   rElec:     It insulates you from electricity.
Missiles
 l - 3 silver boomerangs
Armour
 c - a +0 pair of gloves (worn)
 d - a +2 cloak
 f - a +2 pair of gloves of strength
 s - a +2 plate armour (worn)
 A - a +0 cloak (worn)
 H - a +0 kite shield (worn)
Jewellery
 k - a ring of resist corrosion
 r - a +6 ring of intelligence
 B - an amulet of reflection
 N - a +6 ring of strength (left hand)
 Q - a +6 ring of strength (right hand)
 Y - an amulet of regeneration (around neck)
Wands
 a - a wand of roots (1)
 t - a wand of charming (27)
 G - a wand of polymorph (6)
 I - a wand of flame (16)
 O - a wand of digging (5)
Scrolls
 b - a scroll of enchant armour
 g - a scroll of noise
 h - 4 scrolls of poison {unknown}
 i - 2 scrolls of fear
 j - 2 scrolls of blinking
 m - 2 scrolls of summoning {unknown}
 o - a scroll of brand weapon
 p - 4 scrolls of immolation {unknown}
 q - 3 scrolls of teleportation {unknown}
 u - 3 scrolls of amnesia {unknown}
 M - 3 scrolls of enchant weapon
 S - 2 scrolls of magic mapping {unknown}
 T - 4 scrolls of butterflies {unknown}
 V - 2 scrolls of vulnerability {unknown}
Potions
 e - 12 potions of curing
 v - 2 potions of degeneration {unknown}
 w - a potion of invisibility
 x - 3 potions of heal wounds {unknown}
 z - 2 potions of mutation {unknown}
 C - 3 potions of attraction {unknown}
 F - a potion of ambrosia {unknown}
 P - 4 potions of might {unknown}
 R - 2 potions of flight {unknown}
 W - a potion of brilliance {unknown}


   Skills:
 + Level 11.0 Fighting
 - Level 5.8(10.0) Axes
 * Level 12.6(13.7) Maces & Flails
 - Level 6.4(10.4) Staves
 + Level 10.7 Armour
 + Level 12.6 Dodging
 * Level 11.8 Shields


You had 11 spell levels left.
You didn't know any spells.
Your spell library was empty.

Dungeon Overview and Level Annotations

Branches:
Dungeon (9/15)             Temple (0/1) D:6            Lair (3/5) D:9
 Shoals (0/4) Lair:3        Snake (1/4) Lair:3      Ossuary (visited)
    Orc: D:9-12

Altars:
Dithmenos
Fedhas
Hepliaklqana
Kikubaaqudgha
Uskayaw
Vehumet
Wu Jian
Xom
Zin
The Shining One

Shops:
D:6 *

Annotations:
D:8 3 runed translucent doors


Innate Abilities, Weirdness & Mutations

You have a pair of horns on your head.
You reflexively headbutt those who attack you in melee.


Message History

You feel sick. The naga warrior spits poison at you.
The splash of poison hits you.
You are more poisoned.
A red film seems to cover your vision as you go berserk!
You feel yourself moving faster!
You feel mighty!
You feel sick. The naga hits you but does no damage.
You feel a strong urge to attack something.
You feel sick. The naga hits you with a +0 trident.
The naga closely misses you.
The naga warrior hits you but does no damage.
You block the naga warrior's attack. The naga spits poison at you.
You block the splash of poison.
Things that are here:
a +0 flail; a naga corpse The naga warrior blocks your attack. x2; You feel sick.
You impale the naga warrior!! You headbutt the naga warrior!
The naga warrior is moderately wounded.
You feel sick. You block the naga warrior's attack. The naga warrior grabs you.
The naga warrior constricts you.
The naga hits you from afar with a +0 trident!!
You bludgeon the naga warrior!!
The naga warrior is severely wounded.
You are no longer berserk.
You are exhausted.
You feel yourself slow down.
You impale the naga warrior!!
The naga warrior is almost dead.
You feel sick.
You are no longer poisoned.
The naga warrior hits you with a +0 mace!
* * * LOW HITPOINT WARNING * * *
The naga warrior constricts you.
The naga hits you from afar with a +0 trident!
* * * LOW HITPOINT WARNING * * *
The naga spits poison at you. You block the splash of poison.
The naga warrior hits you with a +0 mace!!
You die...

##.................
#............:.....
...................
...................
...................
...................
........N......#
.>....N.@..)##
.....#..)))<.## #
..# ##....)..### ..
###.......## ...
##.......####....
##..............
###............
..................
....########......


You could see a naga warrior and a naga (strong, catching breath).

Vanquished Creatures
  Nikola (Snake:1)
  2 hydras
  4 death yaks
  An anaconda (Snake:1)
  A naga sharpshooter (Snake:1)
  Nergalle (Lair:3)
  2 lindwurms (Lair:2)
  The ghost of AttackTheMoon the Poker, a novice MfAK of Lugonu (D:7)
  Pikel (D:6)
  An oklob plant (Lair:1)
  A black mamba (Snake:1)
  A gargoyle (D:9)
  8 cane toads
  4 komodo dragons
  2 rime drakes
  4 hornets
  A dream sheep (shapeshifter) (D:5)
  18 yaks
  A wyvern (Lair:1)
  A steam dragon (Lair:1)
  9 water moccasins
  Edmund (D:6)
  5 nagas
  Duvessa (D:4)
  An orc warrior (D:7)
  5 black bears
  A sky beast (D:6)
  6 centaurs
  3 wolves (Lair:2)
  2 ogres
  A lemure (D:6)
  A kobold brigand (D:8)
  12 bullfrogs
  3 gnoll sergeants
  An elf skeleton (D:8)
  An elf zombie (D:8)
  2 necrophages (D:7)
  A water moccasin zombie (Ossuary)
  4 scorpions
  4 wights (D:6)
  Dowan (D:4)
  3 killer bees (D:9)
  An electric eel (Lair:1)
  5 howler monkeys
  6 hounds
  2 human zombies (D:8)
  5 orc priests
  3 jellies
  Crazy Yiuf (D:4)
  An iguana (D:5)
  A human skeleton (D:8)
  Natasha (twice) (D:4)
  8 orc wizards
  2 mummies (Ossuary)
  8 adders
  4 gnolls (D:8)
  A shadow imp (D:6)
  A white imp (D:5)
  An ufetubus (D:6)
  3 adder zombies (Ossuary)
  3 worms
  A dart slug (D:1)
  21 orcs
  8 ball pythons
  4 endoplasms
  A giant cockroach (D:4)
  3 gnoll zombies (Ossuary)
  4 goblins
  4 hobgoblins
  4 jackals (D:4)
  4 kobolds
  4 quokkas
  4 frilled lizards
  11 hobgoblin zombies (Ossuary)
  5 kobold zombies (Ossuary)
  An orc skeleton (D:8)
  6 orc zombies (Ossuary)
  6 rats
273 creatures vanquished.

Vanquished Creatures (collateral kills)
  A komodo dragon (D:9)
  2 water moccasins (D:9)
  2 black bears (D:9)
  A bullfrog (D:9)
6 creatures vanquished.

Vanquished Creatures (others)
  A mana viper (Snake:1)
  2 nagas (Snake:1)
  28 fungi
  47 plants
78 creatures vanquished.

Grand Total: 357 creatures vanquished

Notes
Turn   | Place    | Note
-------+----------+-------------------------------------------
     0 | D:1      | fingers the Minotaur Berserker began the quest for the Orb.
     0 | D:1      | Reached XP level 1. HP: 19/19 MP: 0/0
   102 | D:1      | You fall into a shaft and drop 1 floor!
   213 | D:2      | Reached XP level 2. HP: 27/27 MP: 1/1
   672 | D:2      | Reached XP level 3. HP: 33/33 MP: 2/2
   821 | D:3      | Reached skill level 1 in Staves
  1030 | D:3      | Reached ** piety under Trog
  1408 | D:3      | Reached XP level 4. HP: 40/40 MP: 3/3
  1485 | D:3      | Found an ornate altar of the Wu Jian Council.
  1492 | D:3      | Noticed a spectral centipede
  1492 | D:3      | Noticed a spectral black mamba
  1492 | D:3      | Noticed a spectral cane toad
  1646 | D:4      | Found a glowing golden altar of the Shining One.
  1661 | D:4      | Found a hide-covered altar of Uskayaw.
  1662 | D:4      | Noticed a scorpion
  1674 | D:4      | Killed a scorpion
  1956 | D:4      | Reached XP level 5. HP: 47/47 MP: 4/4
  2028 | D:4      | Found a shadowy altar of Dithmenos.
  2065 | D:4      | Noticed an ogre
  2070 | D:4      | Killed an ogre
  2071 | D:4      | Reached skill level 5 in Axes
  2287 | D:4      | Reached XP level 6. HP: 53/53 MP: 5/5
  2356 | D:4      | Noticed Natasha
  2364 | D:4      | Killed Natasha
  2620 | D:4      | Found a runed translucent door.
  2621 | D:4      | Noticed Crazy Yiuf
  2630 | D:4      | Killed Crazy Yiuf
  2949 | D:4      | Noticed Dowan
  2949 | D:4      | Noticed Duvessa
  2963 | D:4      | Killed Duvessa
  2964 | D:4      | Reached skill level 5 in Fighting
  2972 | D:4      | Killed Dowan
  2973 | D:4      | Reached XP level 7. HP: 43/61 MP: 6/6
  3305 | D:4      | Noticed Natasha
  3309 | D:4      | Killed Natasha
  3334 | D:4      | Found a glowing silver altar of Zin.
  3364 | D:4      | Found a radiant altar of Vehumet.
  3417 | D:5      | Entered Level 5 of the Dungeon
  3606 | D:5      | Reached skill level 5 in Staves
  3954 | D:5      | Reached skill level 5 in Armour
  3958 | D:5      | Noticed a shapeshifter
  3958 | D:5      | a hound changed into a shapeshifter
  3958 | D:5      | Noticed a jumping spider
  3958 | D:5      | a shapeshifter changed into a jumping spider
  3971 | D:5      | Noticed a dream sheep
  3971 | D:5      | a jumping spider changed into a dream sheep
  3975 | D:5      | Killed a dream sheep
  3976 | D:5      | Reached XP level 8. HP: 46/70 MP: 7/7
  4275 | D:6      | Noticed Edmund
  4280 | D:6      | Killed Edmund
  4288 | D:6      | Found a staircase to the Ecumenical Temple.
  4314 | D:6      | Found a shimmering altar of Xom.
  4349 | D:6      | Reached skill level 5 in Dodging
  4438 | D:6      | Reached skill level 1 in Maces & Flails
  4777 | D:6      | Noticed Pikel
  4783 | D:6      | Killed Pikel
  5210 | D:6      | Reached XP level 9. HP: 79/79 MP: 8/8
  5211 | D:6      | Reached skill level 1 in Shields
  5227 | D:6      | Found Foemaeha's Assorted Antiques.
  5292 | D:6      | Reached skill level 5 in Maces & Flails
  5577 | D:7      | Found an ancient bone altar of Kikubaaqudgha.
  5625 | D:7      | Reached *** piety under Trog
  5729 | D:7      | Found a runed translucent door.
  6449 | D:7      | Noticed AttackTheMoon's ghost (novice MfAK)
  6719 | D:7      | Killed AttackTheMoon's ghost
  6952 | D:8      | Reached skill level 5 in Shields
  7027 | D:8      | Reached XP level 10. HP: 88/88 MP: 9/9
  7317 | D:8      | Found a runed translucent gate.
  7317 | D:8      | Found a runed translucent gate.
  7317 | D:8      | Found a runed translucent gate.
  7318 | D:8      | Noticed a cyan ugly thing
  7323 | D:8      | Noticed a glowing orange brain
  7354 | D:8      | Found a sand-covered staircase.
  7377 | Ossuary  | Entered an ossuary
  7397 | Ossuary  | Reached **** piety under Trog
  7548 | Ossuary  | Identified a scroll of acquirement
  7551 | Ossuary  | Acquired the +10 morningstar "Eos" {elec, Halo rElec}
  7551 | Ossuary  | Found the +10 morningstar "Eos" {elec, Halo rElec}
  7930 | D:8      | Found a hazy altar of Hepliaklqana.
  8083 | D:8      | Noticed a white ugly thing
  8083 | D:8      | Noticed a brown ugly thing
  8134 | D:9      | Found a blossoming altar of Fedhas.
  8192 | D:9      | Found a staircase to the Lair.
  8193 | D:9      | Noticed a gargoyle
  8205 | D:9      | Killed a gargoyle
  8842 | Lair:1   | Entered Level 1 of the Lair of Beasts
  8842 | Lair:1   | Noticed a cane toad
  8848 | Lair:1   | Killed a cane toad
  9008 | Lair:1   | Noticed a cane toad
  9014 | Lair:1   | Killed a cane toad
  9019 | Lair:1   | Noticed a five-headed hydra
  9027 | Lair:1   | Killed a five-headed hydra
  9028 | Lair:1   | Reached XP level 11. HP: 97/97 MP: 10/10
  9353 | Lair:1   | Reached skill level 10 in Dodging
  9467 | Lair:1   | You fall into a shaft and drop 1 floor!
 10163 | Lair:1   | Reached skill level 10 in Maces & Flails
 10317 | Lair:1   | Noticed an oklob plant
 10335 | Lair:1   | Killed an oklob plant
 10794 | Lair:1   | Noticed a death yak
 10796 | Lair:1   | Noticed a death yak
 10796 | Lair:1   | Noticed a death yak
 10807 | Lair:1   | Killed a death yak
 10811 | Lair:1   | Killed a death yak
 10817 | Lair:1   | Killed a death yak
 11627 | Lair:2   | Identified the +10 falchion of Oryquts {vorpal, rElec rF++}
 11703 | Lair:2   | Reached skill level 10 in Fighting
 11746 | Lair:2   | Reached ***** piety under Trog
 11747 | Lair:2   | Reached skill level 10 in Shields
 11763 | Lair:2   | Reached XP level 12. HP: 32/106 MP: 11/11
 12507 | Lair:3   | Found a staircase to the Shoals.
 12546 | Lair:3   | Reached skill level 10 in Armour
 12855 | Lair:3   | Noticed Nergalle
 12871 | Lair:3   | Killed Nergalle
 13185 | Lair:3   | Noticed a death yak
 13189 | Lair:3   | Noticed a four-headed hydra
 13194 | Lair:3   | Killed a four-headed hydra
 13197 | Lair:3   | Killed a death yak
 13358 | Lair:3   | Found a staircase to the Snake Pit.
 13374 | Snake:1  | Entered Level 1 of the Snake Pit
 13377 | Snake:1  | Noticed Nikola
 13392 | Snake:1  | Killed Nikola
 13438 | Snake:1  | Noticed an anaconda
 13445 | Snake:1  | Killed an anaconda
 13522 | Snake:1  | Noticed a naga warrior
 13540 | Snake:1  | Mangled by a naga warrior

Illustrated notes

Levels and vault maps discovered:
D:1:      saegor_arrival_simple_a, layout_rooms,
          ebering_ecumenical_altar_petrified
D:2:      layout_loops_ring, minmay_quantized
D:3:      layout_basic, pdpol_wu_jian_five_deadly_venoms,
          kennysheep_generic_room_9
D:4:      layout_loops_cross, mainiacjoe_overflow_paths, lemuel_doored_altar,
          nicolae_uskayaw_murder_on_the_dancefloor,
          mainiacjoe_overflow_two_lobes, corner_web_ring,
          minmay_misc_feat_diagonals, minmay_snake_closets, uniq_natasha,
          uniq_crazy_yiuf_cottage, uniq_duvessa
D:5:      layout_loops_cross
D:6:      layout_loops_ring, mainiacjoe_overflow_small_starburst,
          minmay_temple_entry_proselytizer, serial_shops,
          nicolae_take_the_stairs, columned_hall_lemuel,
          minmay_manual_mandibuliform, uniq_pikel, uniq_edmund
D:7:      layout_basic, mainiacjoe_overflow_24_doors,
          ebering_ghost_reflecting_pool, kennysheep_potato
D:8:      nicolae_cairo_tiling_very_big, layout_cave_pools,
          mainiacjoe_overflow_six_doors_small, nicolae_ossuary_entry_catacombs,
          ploomutoo_gammafunk_ghost_potion_laboratory, minivault_27,
          minivault_5, minmay_misc_feat_ornament
D:9:      layout_stronghold, lemuel_crystal_altar, nemelex_spade_bored_becter,
          due_lair_maze_entry_diamond, enter_bailey_3
Lair:1:   layout_cave_pods, ldierk_geyser, grunt_megastairs_2,
          serial_bayou_shore_a, infiniplex_staircase_pool, lemuel_fruit_tree,
          serial_bayou_shore_b
Lair:2:   cheibrodos_lair_overgrown_chateau, layout_gridlike
Lair:3:   layout_regular_city, minmay_shoals_entry_centaurs,
          guppyfry_snake_entry_island, st_stairs_10, serial_bayou_shore_b,
          uniq_nergalle
Snake:1:  layout_onion, nicolae_snake_gridmaze_big_u, uniq_nikola, uniq_donald

Skill      XL: |  1  2  3  4  5  6  7  8  9 10 11 12 |
---------------+-------------------------------------+-----
Fighting       | 4 5 7 8 9 10 11 | 11.0
Armour         | 3 4 5 6 7 8 9 10 | 10.7
Staves         | 1 2 3 4 6 |  6.4
Axes           | 4 5 |  5.8
Dodging        | 3 4 6 8 9 11 12 | 12.6
Maces & Flails | 4 7 9 11 12 | 12.6
Shields        | 5 7 10 11 | 11.8

Action                   |  1- 3 |  4- 6 |  7- 9 | 10-12 || total
-------------------------+-------+-------+-------+-------++-------
Melee: Hand axe          |    27 |       |       |       ||    27
       Headbutt          |     7 |    10 |    39 |    87 ||   143
       Quarterstaff      |    35 |    76 |    44 |       ||   155
       Flail             |       |       |   127 |   106 ||   233
       Morningstar       |       |       |       |   249 ||   249
Invok: Berserk           |       |     6 |     9 |    13 ||    28
       Trog's Hand       |       |       |     1 |       ||     1
       Brothers in Arms  |       |       |       |     1 ||     1
  Use: Scroll            |       |     5 |       |     7 ||    12
 Stab: Invisible         |       |     1 |       |       ||     1
Armor: Animal skin       |     8 |       |       |       ||     8
       Chain mail        |    13 |    13 |       |       ||    26
       Plate armour      |       |    40 |    98 |   150 ||   288
Dodge: Dodged            |    48 |    34 |    48 |   110 ||   240
Block: Other             |       |       |    14 |       ||    14
       Kite shield       |       |       |    72 |   274 ||   346
       Reflection        |       |       |     5 |     1 ||     6

Table legend: (Time is in decaauts)
 A = Elapsed time spent in this place.
 B = Non-inter-level travel time spent in this place.
 C = Inter-level travel time spent in this place.
 D = Time resting spent in this place.
 E = Time spent auto-exploring this place.
 F = Levels seen in this place.
 G = Mean time per level.
                   A        B        C        D        E       F      G
               +--------+--------+--------+--------+--------+-----+--------+
         Total |  13895 |  13701 |    194 |   4041 |   6663 |  14 |  992.5 |
       Dungeon |   8913 |   8723 |    190 |   1913 |   4833 |   9 |  990.3 |
          Lair |   4621 |   4617 |      4 |   2048 |   1807 |   3 | 1540.3 |
     Snake Pit |    173 |    173 |      0 |     78 |      0 |   1 |  173.0 |
       Ossuary |    187 |    187 |      0 |      0 |     23 |   1 |  187.0 |
               +--------+--------+--------+--------+--------+-----+--------+

Top non-repeatable levels by time:
  Lair:1: 2420 daAuts
     D:4: 1884 daAuts
  Lair:2: 1321 daAuts
     D:6: 1290 daAuts
     D:7: 1289 daAuts
     D:8: 1188 daAuts
  Lair:3: 879 daAuts
     D:5: 871 daAuts
     D:3: 825 daAuts
     D:9: 745 daAuts
     D:2: 714 daAuts
 Ossuary: 187 daAuts
 Snake:1: 173 daAuts
     D:1: 102 daAuts
